 Dungeon Crawl Stone Soup version 0.31-a0-1499-ge0622b2318 (webtiles) character file.

Game seed: 4528603157410425212

520 Curundu the Poker (level 7, -1/62 HPs)
             Began as a Minotaur Berserker on Dec 29, 2023.
             Was a Believer of Trog.
             Slain by an orc wizard
             ... wielding a +0 dagger
              (3 damage)
             ... on level 5 of the Dungeon.
             The game lasted 00:07:06 (2569 turns).

Curundu the Poker (Minotaur Berserker)              Turns: 2569, Time: 00:07:07

Health: -1/62      AC:  2    Str: 24    XL:     7   Next: 1%
Magic:  6/6        EV: 12    Int:  4    God:    Trog [**....]
Gold:   128        SH:  0    Dex:  9    Spells: 6/6 levels left

rFire   . . .        p - +2 flail (protect)
rCold   . . .        (no shield)
rNeg    . . .        b - +0 animal skin
rPois   .            (helmet restricted)
rElec   .            (no cloak)
rCorr   .            (no gloves)
SInv    .            (no boots)
Will    .....        m - amulet of reflection
Stlth   +            (no ring)
HPRegen 0.30/turn    (no ring)
MPRegen 0.10/turn

%: reflection
@: confused, weakened
A: horns 2, retaliatory headbutt
a: Renounce Religion, Berserk, Trog's Hand


You were on level 5 of the Dungeon.
You worshipped Trog.
Trog was pleased with you.
You visited 1 branch of the dungeon, and saw 4 of its levels.

You collected 128 gold pieces.

Inventory:

Hand Weapons
 p - a +2 flail of protection (weapon)
Missiles
 d - 5 boomerangs
Armour
 b - a +0 animal skin (worn)
Jewellery
 l - a ring of ice
 m - an amulet of reflection (around neck)
 s - a ring of resist corrosion
Scrolls
 a - a scroll of blinking {unknown}
 e - a scroll of fog {unknown}
 g - a scroll of torment {unknown}
 i - a scroll of poison {unknown}
 j - a scroll of enchant weapon {unknown}
 k - a scroll of teleportation {unknown}
 o - a scroll of immolation {unknown}
 q - a scroll of enchant armour {unknown}
 r - 4 scrolls of identify {unknown}
Potions
 c - 2 potions of haste {unknown}
 f - 2 potions of heal wounds {unknown}
 h - a potion of attraction {unknown}
 n - 2 potions of berserk rage {unknown}


   Skills:
 + Level 5.6 Fighting
 + Level 2.6 Maces & Flails
 + Level 6.0 Polearms
 + Level 3.2 Armour
 + Level 4.0 Dodging
 + Level 1.2 Stealth
 + Level 1.2 Shields


You had 6 spell levels left.
You didn't know any spells.
Your spell library contained the following spells:

 Spells                   Type           Power      Damage    Failure   Level
 Apportation              Tloc           0%         N/A       50%         1


Dungeon Overview and Level Annotations

Branches:
Dungeon (5/15)             Temple (0/1) D:4

Altars:


Innate Abilities, Weirdness & Mutations

You have a pair of horns on your head.
You reflexively headbutt those who attack you in melee.


Message History

The orc wizard gestures wildly while chanting.
The orc wizard flickers and vanishes!
Deactivating autopickup; reactivate with Ctrl-A.
You hit something.
Your weapon exudes an aura of protection.
Something hits you but does no damage.
You sock something! Something hits you but does no damage.
A gnoll comes into view. It is wielding a +0 flail.
Something hits you.
* * * LOW HITPOINT WARNING * * *
You miss something.
A gnoll bouda comes into view. It is wielding a +0 whip.
Something barely misses you.
You closely miss something.
The gnoll bouda shouts!
You punch something.
You hear a shout! x2
Something hits you but does no damage.
You closely miss something.
You hear some strange, mumbled words.
You are confused.
You closely miss something.
A gnoll comes into view. It is wielding a +0 flail.
Something hits you.
* * * LOW HITPOINT WARNING * * *
Something hits you.
* * * LOW HITPOINT WARNING * * *
You bump into the rock wall.
Something hits you.
* * * LOW HITPOINT WARNING * * *
You miss something.
The gnoll bouda gazes fiercely through you!
You feel your attacks grow feeble. Something barely misses you.
You're too confused to move!
The gnoll hits you with a +0 flail!
* * * LOW HITPOINT WARNING * * *
A gnoll comes into view. It is wielding a +0 whip.
The gnoll bouda gazes fiercely through you!
You feel as though you will be weak longer.
Something hits you.
You die...

..#......####
..g.$........#
...#.........#
.........<...#
#..........#
###g###.....##
#..g..)#####....
#.#g##.# ....
#@{..# ....
###....# ...
....#.# ...
........#
##.)..####
#....# ...###
....


You could see a gnoll bouda and 3 gnolls.

Vanquished Creatures
  The ghost of Rennog the Firebug, an amateur OpFE of Yredelemnul (D:4)
  A black bear (D:4)
  2 bombardier beetles (D:4)
  Jessica (D:2)
  2 iguanas (D:4)
  An orc wizard (D:4)
  2 gnolls
  2 adders (D:4)
  2 dart slugs
  6 orcs
  3 bats
  An endoplasm (D:1)
  3 giant cockroaches
  6 goblins
  2 hobgoblins (D:4)
  3 jackals (D:4)
  5 kobolds
  3 quokkas
  9 ball pythons
  A rat (D:1)
56 creatures vanquished.

Notes
Turn   | Place    | Note
-------+----------+-------------------------------------------
     0 | D:1      | Curundu the Minotaur Berserker began the quest for the Orb.
     0 | D:1      | Reached XP level 1. HP: 19/19 MP: 0/0
    97 | D:1      | Reached skill level 4 in Polearms
    97 | D:1      | Reached XP level 2. HP: 17/27 MP: 1/1
   380 | D:1      | Reached XP level 3. HP: 32/33 MP: 2/2
   672 | D:2      | Noticed Jessica
   676 | D:2      | Killed Jessica
   810 | D:2      | Reached ** piety under Trog
   824 | D:2      | Reached XP level 4. HP: 40/41 MP: 3/3
   892 | D:2      | Found a faded altar of an unknown god.
   898 | D:2      | Got Plato's Compendium of the Blink Frog
   961 | D:2      | You fall into a shaft and drop 2 floors!
  1250 | D:4      | Reached skill level 5 in Polearms
  1325 | D:4      | Found a runed translucent gate.
  1325 | D:4      | Found a runed translucent gate.
  1326 | D:4      | Found a runed translucent gate.
  1329 | D:4      | Noticed Rennog's ghost (amateur OpFE)
  1357 | D:4      | Killed Rennog's ghost
  1358 | D:4      | Reached skill level 5 in Fighting
  1358 | D:4      | Reached skill level 1 in Stealth
  1358 | D:4      | Reached XP level 5. HP: 36/48 MP: 4/4
  1358 | D:4      | Reached XP level 6. HP: 42/56 MP: 5/5
  1740 | D:4      | Found a staircase to the Ecumenical Temple.
  1815 | D:4      | Reached skill level 1 in Maces & Flails
  1815 | D:4      | Reached skill level 6 in Polearms
  1862 | D:4      | Identified the +8 whip of Purpose {flame, rF+ rCorr}
  1891 | D:4      | HP: 2/56 [hobgoblin/the +8 whip of Purpose {flame, rF+
                  | rCorr} (10)]
  2156 | D:4      | Reached skill level 1 in Shields
  2244 | D:4      | Reached XP level 7. HP: 54/62 MP: 6/6
  2530 | D:5      | Entered Level 5 of the Dungeon
  2569 | D:5      | HP: 2/62 [gnoll/+0 flail[a gnoll bouda] (8)]
  2569 | D:5      | Slain by an orc wizard

Illustrated notes

Levels and vault maps discovered:
D:1:      eino_arrival_tree_alley, layout_rooms
D:2:      layout_loops_cross, shapermc_ecumenical_altar_rom_forum, uniq_jessica
D:4:      layout_basic, minmay_temple_entry_antechambers,
          ebering_ghost_rock_garden, kennysheep_generic_room_8
D:5:      layout_basic, hellmonk_sif_muna_bookshelves, minmay_misc_feat_rows,
          uniq_grinder

Skill      XL: |  1  2  3  4  5  6 |
---------------+-------------------+-----
Fighting       | 4 5 |  5.6
Polearms       | 4 5 6 |  6.0
Armour         | 3 |  3.2
Dodging        | 3 4 |  4.0
Stealth        | 1 |  1.2
Maces & Flails | 2 |  2.6
Shields        | 1 |  1.2

Action                     |  1- 3 |  4- 6 |  7- 9 || total
---------------------------+-------+-------+-------++-------
  Melee: Spear             |    63 |    27 |       ||    90
         Headbutt          |     6 |    16 |       ||    22
         Punch             |     1 |       |     2 ||     3
         Flail             |       |    85 |    24 ||   109
 Armour: Animal skin       |    34 |    88 |    32 ||   154
  Dodge: Dodged            |    51 |    62 |    11 ||   124
  Block: Other             |       |    20 |       ||    20

Table legend: (Time is in decaauts)
 A = Elapsed time spent in this place.
 B = Non-inter-level travel time spent in this place.
 C = Inter-level travel time spent in this place.
 D = Time resting spent in this place.
 E = Time spent auto-exploring this place.
 F = Levels seen in this place.
 G = Mean time per level.
                   A        B        C        D        E       F      G
               +--------+--------+--------+--------+--------+-----+--------+
         Total |   2593 |   2593 |      0 |      0 |   2010 |   4 |  648.2 |
       Dungeon |   2593 |   2593 |      0 |      0 |   2010 |   4 |  648.2 |
               +--------+--------+--------+--------+--------+-----+--------+

Top non-repeatable levels by time:
     D:4: 1595 daAuts
     D:1: 631 daAuts
     D:2: 321 daAuts
     D:5: 45 daAuts
